 Dungeon Crawl Stone Soup version 0.25-a0-1056-g2efb326896 (webtiles) character file.

Game seed: 8382570615263965141, levelgen mode: deterministic

19 MisterFreud the Skirmisher (level 2, -3/33 HPs)
             Began as an Ogre Hunter on May 13, 2020.
             Killed from afar by a dart slug (6 damage)
             ... with a slug dart
             ... on level 1 of the Dungeon.
             The game lasted 00:01:41 (536 turns).

MisterFreud the Skirmisher (Ogre Hunter)             Turns: 536, Time: 00:01:41

Health: -3/33      AC:  3    Str: 15    XL:     2   Next: 75%
Magic:  2/2        EV: 10    Int: 12    God:
Gold:   45         SH:  0    Dex:  9    Spells: 1/1 levels left

rFire    . . .     SeeInvis .   e - +0 whip
rCold    . . .     Gourm    .   (no shield)
rNeg     . . .     Faith    .   b - +0 robe
rPois    .         Spirit   .   (helmet restricted)
rElec    .         Reflect  .   (no cloak)
rCorr    .         Harm     .   (gloves unavailable)
MR       .....                  (boots unavailable)
Stlth    +.........             (no amulet)
HPRegen  0.11/turn              (no ring)
MPRegen  0.08/turn              (no ring)

@: no status effects
A: large, unfitting armour, tough skin 1
a: no special abilities


You were on level 1 of the Dungeon.
You were not hungry.

You visited 1 branch of the dungeon, and saw 1 of its levels.

You collected 45 gold pieces.

Inventory:

Hand Weapons
 e - a +0 whip (weapon)
Missiles
 a - a poisoned dart (quivered)
 c - 5 large rocks
 g - 23 stones
Armour
 b - a +0 robe (worn)
Comestibles
 f - 2 rations


   Skills:
 + Level 4.3 Fighting
 - Level 4.0 Throwing
 - Level 1.7 Dodging
 - Level 0.6 Stealth


You had one spell level left.
You didn't know any spells.
Your spell library was empty.

Dungeon Overview and Level Annotations

Branches:
Dungeon (1/15)

Altars:


Innate Abilities, Weirdness & Mutations

You are too large for most types of armour.
You have tough skin. (AC +1)


Message History

You kill the kobold!
Things that are here:
a +0 dagger; a throwing net The dart slug bites you.
* * * LOW HITPOINT WARNING * * *
Fire/throw which item? (* to show all) (? for menu, Esc to quit)
Throwing (i - inventory. (/) - cycle)
a - a poisoned dart (quivered)
Press: ? - help, Shift-Dir - straight line, f - dart slug
Aim: a dart slug You throw a throwing net.
The throwing net hits the dart slug.
The dart slug is caught in the net!
The dart slug struggles against the net.
You strike the helpless dart slug from behind!
You hit the dart slug.
The dart slug is lightly wounded.
You hit the dart slug.
The dart slug is heavily wounded.
The dart slug launches a dart at you. The slug dart hits you.
You die...

#.....+ .......÷#'# .
#.....######.#####÷#.#
..########..........#.#####.#.#
>..............................
..........####.#.##.#.....#.###
......(....w.)....(.#.....#)###
((.((...(..###.##...#.....#....
......#+##.# #w##...#.....###..
...... #+# #@##...#.......+..
..... #)##...#########.. ....
#.##...###.....+.. .(.(
#.##.........# #.. .
#..'.......#.# #..
####...#####.###.. #...#
#........ #######.#.#.##.
#...#.#)##.


You could see a dart slug (caught).

Vanquished Creatures
  A gnoll (D:1)
  A giant cockroach (D:1)
  A goblin (D:1)
  A hobgoblin (D:1)
  2 bats (D:1)
  A frilled lizard (D:1)
  4 kobolds (D:1)
11 creatures vanquished.

Notes
Turn   | Place    | Note
-------+----------+-------------------------------------------
     0 | D:1      | MisterFreud the Ogre Hunter began the quest for the Orb.
     0 | D:1      | Reached XP level 1. HP: 22/22 MP: 1/1
   501 | D:1      | Reached XP level 2. HP: 32/32 MP: 2/2
   536 | D:1      | Killed from afar by a dart slug

Illustrated notes

Levels and vault maps discovered:
D:1:      dpeg_arrival_arbitrary_b, layout_basic

Skill      XL: |  1 |
---------------+----+-----
Fighting       | 4 |  4.3
Throwing       | |  4.0
Dodging        | |  1.7
Stealth        | |  0.6

Action                   || total
-------------------------++-------
Melee: Whip              ||    46
       Short sword       ||    13
Throw: Dart              ||    15
       Large rock        ||     1
       Throwing net      ||     2
 Stab: Sleeping          ||     1
       Held in net/web   ||     1
Armor: Robe              ||    13
Dodge: Dodged            ||    41

Table legend:
 A = Non-vault XP
 B = Vault XP
 C = Vault XP percentage of total XP
 D = Non-vault monster count
 E = Vault monster count
 F = Vault count percentage of total count
                 A         B        C        D         E       F
            +---------+---------+-------+---------+---------+-------
      Total |      28 |       0 |   0.0 |      11 |       0 |   0.0
            +---------+---------+-------+---------+---------+-------
        D:1 |      28 |       0 |   0.0 |      11 |       0 |   0.0
            +---------+---------+-------+---------+---------+-------
